AoeStats
← Ady9204

Black Forest

509512229Analyzed
2v2 RM · 7d ago on Sep 27, 2026· 58m 59s· 4 players
Game mode
Random Map
Map size
Medium (4 player)
Population
200
Speed
Normal
Resources
Standard
Victory
Conquest
Starting age
Dark Age
Ending age
Imperial Age
RankedLock teamsTeams togetherTeam positionsShared explorationLock speedFull tech treeHidden civsTurbo modeCheats
Victory
Defeat
🇲🇽 Romans · Mexico
715
+34
🇨🇴 Hindustanis · Colombia
715
+34
🇦🇺 Inca · Australia
781
-18
🇺🇸 Dravidians · United States
655
-14
Ady9204
1:14 Loom
12:31 Feudal Age
14:57 Wheelbarrow
14:08 Town Watch
15:25 Wheelbarrow
16:12 Horse Collar
16:24 Town Watch
16:30 Town Watch
28:13 Castle Age
27:49 Scale Mail Armor
27:57 Padded Archer Armor
28:36 Forging
28:30 Double-Bit Axe
29:18 Heavy Plow
31:55 Hand Cart
31:50 Town Patrol
33:29 Iron Casting
33:15 Caravan
34:09 Chain Mail Armor
36:35 Scale Barding Armor
36:21 Fletching
36:47 Leather Archer Armor
36:54 Bow Saw
37:34 Coinage
44:19 Imperial Age
46:01 Chain Barding Armor
46:43 Blast Furnace
45:39 Bodkin Arrow
46:15 Ring Archer Armor
47:10 Pikeman
47:51 Squires
49:32 Plate Barding Armor
49:25 Ballistics
49:18 Fortified Wall
50:44 Ballistas
53:32 Halberdier
53:33 Man-at-Arms
CastWind6346
0:27 Loom
12:24 Feudal Age
12:56 Double-Bit Axe
13:30 Horse Collar
18:29 Castle Age
18:07 Stone Mining
19:57 Scale Barding Armor
24:03 Wheelbarrow
23:57 Town Watch
25:56 Bow Saw
26:16 Heavy Plow
27:47 Gold Mining
28:17 Hand Cart
29:03 Forging
29:14 Chain Barding Armor
30:05 Caravan
30:20 Town Patrol
31:30 Masonry
32:04 Grand Trunk Road
32:21 Fortified Wall
32:07 Murder Holes
37:03 Imperial Age
34:42 Husbandry
34:53 Bloodlines
35:30 Scale Mail Armor
36:05 Iron Casting
35:33 Padded Archer Armor
36:08 Squires
35:54 Arson
37:11 Chain Mail Armor
38:29 Plate Barding Armor
38:55 Blast Furnace
39:03 Chemistry
38:24 Ballistics
38:10 Siege Engineers
38:12 Devotion
39:54 Two-Man Saw
38:26 Heavy Camel Rider
39:42 Conscription
39:23 Shatagni
39:59 Hoardings
40:27 Imperial Camel Rider
40:32 Light Cavalry
41:33 Leather Archer Armor
43:13 Elite Ghulam
45:40 Ring Archer Armor
46:55 Coinage
46:25 Hussar
46:44 Siege Elephant
55:49 Fletching
CaptainKruschel
1:02 Loom
12:46 Feudal Age
14:57 Wheelbarrow
14:13 Double-Bit Axe
14:13 Horse Collar
16:50 Gold Mining
19:16 Stone Mining
26:28 Castle Age
25:12 Fletching
25:24 Padded Archer Armor
26:39 Forging
26:37 Scale Barding Armor
27:41 Heavy Plow
28:06 Bow Saw
28:32 Hand Cart
30:04 Bodkin Arrow
30:53 Caravan
31:31 Husbandry
31:51 Leather Archer Armor
32:47 Iron Casting
33:58 Chain Barding Armor
34:40 Medical Corps
35:32 Thumb Ring
40:53 Imperial Age
44:16 Elite Elephant Archer
44:21 Siege Elephant
45:26 Bracer
45:58 Ring Archer Armor
46:29 Blast Furnace
48:58 Fortified Wall
49:50 Chemistry
49:12 Ballistics
Blayx
3:03 Loom
15:21 Feudal Age
18:16 Wheelbarrow
20:32 Double-Bit Axe
20:37 Horse Collar
26:18 Castle Age
25:02 Forging
25:05 Gold Mining
27:55 Iron Casting
27:21 Scale Mail Armor
26:45 Pikeman
27:27 Squires
27:12 Arson
30:27 Bow Saw
31:54 Hand Cart
32:58 Heavy Plow
33:18 Elite Skirmisher
34:44 Chain Mail Armor
34:26 Fletching
34:37 Padded Archer Armor
39:16 Bodkin Arrow
40:22 Gold Shaft Mining
45:37 Leather Archer Armor
50:21 Crossbowman
51:07 Thumb Ring
54:15 Imperial Age
52:16 Andean Sling
54:37 Onager
55:20 Elite Kamayuk
59:40 Ballistics
60:21 Chemistry
Connection lost

Rejoining the realm…

Still unreachable

The connection could not be restored.

Session expired

The server has moved on; the page needs a fresh start.